 Dungeon Crawl Stone Soup version 0.23.0 (webtiles) character file.

Game seed: 2611771021104770772

345661 Laan the Impregnable (level 22, -1/229 HPs)
             Began as a Gargoyle Fighter on Feb 8, 2019.
             Was the Champion of the Shining One.
             Slain by a bone dragon (2 damage)
             ... on level 3 of the Abyss.
             The game lasted 01:44:25 (41166 turns).

Laan the Impregnable (Gargoyle Fighter)            Turns: 41166, Time: 01:44:26

Health: -1/229     AC: 34    Str: 30    XL:     22   Next: 10%
Magic:  9/9        EV:  2    Int:  7    God:    the Shining One [******]
Gold:   3928       SH:  0    Dex: 14    Spells: 21/21 levels left

rFire    + . .     SeeInvis .   U - +2 morningstar (antimagic)
rCold    . . .     Gourm    .   r - +0 large shield {AC+3}
rNeg     + + +     Faith    .   (armour currently unavailable)
rPois    ∞         Spirit   .   (helmet currently unavailable)
rElec    .         Reflect  .   (cloak currently unavailable)
rCorr    .         Harm     .   (gloves currently unavailable)
MR       +....     NoTele   +   (boots currently unavailable)
Stlth    +.........             z - amulet of magic regeneration
HPRegen  0.48/turn              a - ring of Fixation {+Blink rF+ EV+2 Str-4 Int-3 Dex+5}
MPRegen  0.36/turn              N - +5 ring of strength

@: confused, tree-form, glowing
A: [deterioration 1], negative energy resistance 1, petrification resistance,
rot immunity, AC +16
}: 2/15 runes: decaying, serpentine
a: Divine Shield, Cleansing Flame, Summon Divine Warrior, Brand Weapon With Holy
Wrath, Renounce Religion, Evoke Blink


You were on level 3 of the Abyss.
You worshipped the Shining One.
The Shining One was exalted by your worship.
You were full.
You were a tree.
You visited 6 branches of the dungeon, and saw 35 of its levels.
You visited the Abyss 1 time.
You also visited: Ice Cave.

You collected 4449 gold pieces.
You spent 521 gold pieces at shops.

Inventory:

Hand Weapons
 E - a +2 trishula of holy wrath
 U - a +2 antimagic morningstar (weapon)
Missiles
 g - 13 javelins (quivered)
Armour
 c - a scarf of cloud immunity (melded)
 i - a +0 pair of boots (melded)
 r - a +0 large shield of protection (worn)
 s - a +0 helmet (melded)
 F - a +2 pair of gloves of strength (melded)
 W - the +1 chain mail "Bas Uzxiff" (melded) {rC++ Regen+ Int-2 Slay+5}
   (You bought it in a shop on level 2 of the Orcish Mines)

   It affects your intelligence (-2).
   It affects your accuracy and damage with ranged weapons and melee attacks
   (+5).
   It greatly protects you from cold.
   It increases your rate of regeneration.
Jewellery
 a - the ring of Fixation (left branch) {+Blink rF+ EV+2 Str-4 Int-3 Dex+5}
   (You acquired it on level 2 of the Lair of Beasts)

   [ring of evasion]

   It affects your evasion (+2).
   It affects your strength (-4).
   It affects your intelligence (-3).
   It affects your dexterity (+5).
   It protects you from fire.
   It lets you blink.
 z - an amulet of magic regeneration (around neck)
 B - a +2 ring of slaying
 J - an uncursed ring of protection from cold
 N - a +5 ring of strength (right branch)
 O - an uncursed ring of magical power
 Q - a +2 ring of evasion
Wands
 d - a wand of flame (9)
 p - a wand of polymorph (14)
 t - a wand of disintegration (42)
 y - a wand of acid (19)
 D - a wand of iceblast (14)
 I - a wand of digging (15)
 K - a wand of enslavement (7)
Scrolls
 b - a scroll of silence
 e - 6 scrolls of enchant weapon
 h - 16 scrolls of teleportation
 k - 15 scrolls of remove curse
 l - 2 scrolls of blinking
 n - 3 scrolls of amnesia
 o - 3 scrolls of magic mapping
 u - 5 scrolls of enchant armour
 x - 6 scrolls of fog
 C - 2 scrolls of holy word
 P - 5 scrolls of identify
 S - 2 scrolls of fear
Potions
 j - 2 potions of ambrosia
 m - 2 potions of cancellation
 v - a potion of lignification
 w - 4 potions of resistance
 A - 3 potions of brilliance
 G - 6 potions of mutation
 H - a potion of magic
 L - 2 potions of haste
Comestibles
 f - 68 rations


   Skills:
 + Level 20.9 Fighting
 - Level 16.0 Maces & Flails
 + Level 21.0 Armour
 + Level 21.0 Shields
 * Level 7.0 Invocations


You had 21 spell levels left.
You didn't know any spells.
Your spell library contained the following spells:

 Spells                   Type           Power        Failure   Level  Hunger
 Animate Skeleton         Necr           N/A          61%         1    ##.....
 Apportation              Tloc           #.....       61%         1    ##.....
 Confusing Touch          Hex            #.....       61%         1    ##.....
 Flame Tongue             Conj/Fire      #....        61%         1    ##.....
 Freeze                   Ice            #...         61%         1    ##.....
 Infusion                 Chrm           #...         61%         1    ##.....
 Magic Dart               Conj           #...         61%         1    ##.....
 Shock                    Conj/Air       #...         61%         1    ##.....
 Summon Small Mammal      Summ           #...         61%         1    ##.....
 Ensorcelled Hibernation  Hex/Ice        #.....       75%         2    ###....
 Poisonous Vapours        Pois/Air       #.....       75%         2    ###....
 Searing Ray              Conj           #.....       75%         2    ###....
 Shroud of Golubria       Chrm/Tloc      #.........   75%         2    ###....
 Song of Slaying          Chrm           #.......     75%         2    ###....
 Swiftness                Chrm/Air       #.......     75%         2    ###....
 Throw Flame              Conj/Fire      #.....       75%         2    ###....
 Throw Frost              Conj/Ice       #.....       75%         2    ###....
 Call Canine Familiar     Summ           #.......     93%         3    ####...
 Confuse                  Hex            #.......     93%         3    ####...
 Conjure Flame            Conj/Fire      #.......     93%         3    ####...
 Dazzling Spray           Conj/Hex       #.....       93%         3    ####...
 Gell's Gravitas          Tloc           #.........   93%         3    ####...
 Inner Flame              Hex/Fire       #.......     93%         3    ####...
 Mephitic Cloud           Conj/Pois/Air  #.......     93%         3    ####...
 Ozocubu's Armour         Chrm/Ice       #.......     93%         3    ####...
 Regeneration             Chrm/Necr      #.........   93%         3    ####...
 Spectral Weapon          Hex/Chrm       #.......     93%         3    ####...
 Static Discharge         Conj/Air       #.......     93%         3    ####...
 Airstrike                Air            #.........   100%        4    #####..
 Force Lance              Conj/Tloc      #.......     100%        4    #####..
 Fulminant Prism          Conj/Hex       #.........   100%        4    #####..
 Iskenderun's Mystic Bla  Conj           #.......     100%        4    #####..
 Petrify                  Tmut/Erth      #.......     100%        4    #####..
 Sticky Flame             Conj/Fire      #.......     100%        4    #####..
 Summon Ice Beast         Ice/Summ       #.......     100%        4    #####..
 Throw Icicle             Conj/Ice       #.......     100%        4    #####..
 Aura of Abjuration       Summ           #.........   100%        5    ######.
 Bolt of Magma            Conj/Fire/Erth #.........   100%        5    ######.
 Borgnjor's Vile Clutch   Necr/Erth      #.........   100%        5    ######.
 Fireball                 Conj/Fire      #.........   100%        5    ######.
 Irradiate                Conj/Tmut      #.........   100%        5    ######.
 Iskenderun's Battlesphe  Conj/Chrm      #.......     100%        5    ######.
 Lightning Bolt           Conj/Air       #.........   100%        5    ######.
 Metabolic Englaciation   Hex/Ice        #.........   100%        5    ######.
 Silence                  Hex/Air        #.........   100%        5    ######.
 Venom Bolt               Conj/Pois      #.........   100%        5    ######.
 Yara's Violent Unravell  Hex/Tmut       #.........   100%        5    ######.
 Darkness                 Hex            #.........   100%        6    #######
 Freezing Cloud           Conj/Ice/Air   #.........   100%        6    #######
 Hydra Form               Tmut           #.........   100%        6    #######
 Iron Shot                Conj/Erth      #.........   100%        6    #######
 Shadow Creatures         Summ           N/A          100%        6    #######
 Dragon Form              Tmut           #.........   100%        7    #######
 Orb of Destruction       Conj           #.........   100%        7    #######
 Ring of Flames           Chrm/Fire      #.........   100%        7    #######
 Spellforged Servitor     Conj/Summ      #.........   100%        7    #######
 Ignition                 Fire           #.........   100%        8    #######
 Shatter                  Erth           #.........   100%        9    #######
 Tornado                  Air            #.........   100%        9    #######
 Statue Form              Tmut/Erth      Unusable     N/A         6    N/A

Dungeon Overview and Level Annotations

Branches:
Dungeon (15/15)            Temple (0/1) D:6            Lair (6/6) D:9
  Swamp (4/4) Lair:4        Snake (4/4) Lair:2        Slime (0/5) Lair:5
    Orc (2/2) D:12            Elf (0/3) Orc:2        Vaults (4/5) D:14
  Crypt (0/3) Vaults:2     Depths (0/5) D:15

Altars:
Ashenzari
Cheibriados
Dithmenos
Elyvilon
Fedhas
Gozag
Kikubaaqudgha
Makhleb
Nemelex Xobeh
Qazlal
Ru
Trog
Uskayaw
Xom
Yredelemnul
Zin
The Shining One
Beogh

Shops:
D:4 !   D:11 *   D:12 ?   D:13 (   Orc:2 [:(*   Vaults:1 *

Annotations:
D:13 3 runed translucent doors, exclusions: door and obsidian statue
Vaults:1 3 runed translucent doors, exclusion: obsidian statue, wjh11's ghost, veteran MiBe


Innate Abilities, Weirdness & Mutations

You are resistant to torment.
((Your stone body is resilient. (AC +16)))
You are immune to poison.
((Your large and strong wings let you fly indefinitely.))
You resist negative energy. (rN+)
((You are resistant to electric shocks. (rElec)))
((You can survive without breathing.))
You are immune to petrification.
You are immune to rotting.
[Your body sometimes deteriorates upon taking damage.]
[((You are occasionally teleported next to monsters.))]


Message History

The bone dragon completely misses you.
The bone dragon tramples you but does no damage.
A deafening chorus of shrieks assaults your mind!
* * * LOW HITPOINT WARNING * * *
Really quaff the potion of lignification?
You turn into a tree.
Your scarf of cloud immunity melds into your body.
Your +0 helmet melds into your body.
Your +2 pair of gloves of strength melds into your body.
Your +0 pair of boots melds into your body.
The +1 chain mail "Bas Uzxiff" {rC++ Regen+ Int-2 Slay+5} melds into your body.
You feel vulnerable to the effects of clouds.
You feel weaker.
Your roots penetrate the ground.
The bone dragon barely misses you.
The bone dragon claws you but does no damage.
The bone dragon tramples you but does no damage.
The bone dragon bites you!
* * * LOW HITPOINT WARNING * * *
The bone dragon claws you.
You die...

. ## .. ... ..
.#. ..... .# .#.
.. ## . .##.
###.. . #
#.##...#.....# .
#.#..##§ # #
#...... .# #
###..##.§#.# ##.
##...♣#X### ...#
#..#XD## X...#
...#X5#X##X.# .
...##.55X#.#5####
. . #...X5..3
.... .. ##......X
..# .
##.....X...#.. .
. #....#.. .# #
.. #... #....#..#


You could see a bone dragon, 5 starcursed masses and 4 ufetubi.

Vanquished Creatures
  Mara (Vaults:3)
  Mennas (Vaults:3)
  Sojobo (Vaults:2)
  Vashnia (Snake:3)
  the Lernaean hydra (Swamp:4)
  Gastronok (Lair:1)
  A sphinx (Vaults:1)
  4 thorn hunters
  5 tengu reavers
  Kirke (Snake:1)
  11 nagarajas
  5 vault wardens
  Aizul (Snake:3)
  A frost giant (IceCv)
  2 fire giants (Vaults:3)
  5 deep elf sorcerers (Vaults:4)
  An orc warlord (Orc:2)
  5 stone giants
  9 ironheart preservers
  4 very ugly things
  2 entropy weavers
  A lorocyproca (Abyss:3)
  The ghost of tensugalgo the Covert, a journeyman GnAs of Uskayaw (Lair:3)
  A crystal guardian (Vaults:4)
  3 fire dragons
  6 ogre magi
  10 yaktaur captains
  A great orb of eyes (Abyss:3)
  3 ice dragons
  5 vault guards
  20 hydras
  15 naga warriors
  2 shambling mangroves
  2 rakshasas
  8 centaur warriors
  5 anacondas
  24 two-headed ogres
  12 alligators
  2 death knights
  A vampire mage (Vaults:2)
  3 deep troll earth magi (Vaults:3)
  2 tengu warriors (D:15)
  A two-headed ogre (shapeshifter) (Vaults:3)
  3 death yaks (Lair:1)
  4 deep troll shamans
  4 orc high priests
  8 shock serpents
  A titan zombie (Vaults:1)
  Urug (Lair:1)
  2 deep elf knights
  3 thrashing horrors (Abyss:3)
  Nergalle (Lair:1)
  2 soul eaters (Vaults:2)
  25 naga sharpshooters
  A wretched star (Abyss:3)
  The ghost of rumpelstilzz the Skirmisher, a novice CeFi of Elyvilon (D:7)
  A sixfirhy (Abyss:3)
  2 shadow wraiths
  3 skeletal warriors
  A sea snake (Snake:4)
  A storm dragon skeleton (Vaults:1)
  A flayed ghost (Vaults:2)
  9 deep trolls
  12 swamp dragons
  6 unseen horrors
  2 wizards
  3 spriggan druids (Swamp:4)
  A glowing orange brain (Vaults:3)
  8 naga ritualists
  2 large abominations (Abyss:3)
  A phantasmal warrior (Vaults:1)
  4 deep elf archers
  4 ironbrand convokers
  28 orc knights
  A tengu zombie (Vaults:2)
  A harpy (Vaults:2)
  An orb spider (shapeshifter) (Vaults:1)
  A wolf spider zombie (D:13)
  A harpy (shapeshifter) (D:14)
  6 deep elf magi
  9 necromancers
  7 wolf spiders
  A frost giant zombie (Vaults:1)
  15 ugly things
  2 sphinx skeletons
  10 mana vipers
  5 orc sorcerers
  6 salamanders
  2 oklob plants (Lair:6)
  A manticore (D:12)
  A stone giant zombie (Vaults:1)
  A manticore (shapeshifter) (Vaults:2)
  2 human zombies
  2 cyclopes
  A black mamba (shapeshifter) (D:15)
  An ice statue (IceCv)
  51 black mambas
  A frost giant skeleton (Vaults:1)
  A human skeleton (Vaults:2)
  An apocalypse crab (Abyss:3)
  2 centaur zombies (D:15)
  2 smoke demons (Abyss:3)
  Psyche (D:10)
  11 guardian serpents
  21 spiny frogs
  12 vault sentinels
  19 naga magi
  A storm dragon simulacrum (Vaults:1)
  A gargoyle (D:14)
  3 freezing wraiths
  A spiny frog (shapeshifter) (Vaults:1)
  36 yaktaurs
  8 rime drakes
  3 kobold demonologists (D:15)
  7 komodo dragons
  2 hellwings (Abyss:3)
  A yaktaur (shapeshifter) (Vaults:3)
  An entropy weaver simulacrum (Vaults:2)
  12 polar bears
  A wolf spider simulacrum (D:15)
  A queen bee (Lair:3)
  11 tyrant leeches
  A jumping spider (Vaults:4)
  The ghost of turbotont the Skirmisher, an amateur DsAK of Lugonu (D:4)
  13 trolls
  A hornet (shapeshifter) (Vaults:2)
  18 hornets
  5 bog bodies
  Prince Ribbit (Lair:1)
  23 blink frogs
  4 raiju (Abyss:3)
  33 slime creatures
  8 hippogriffs
  2 meliai zombies
  3 redbacks
  An ettin skeleton (Vaults:1)
  3 wraiths
  A redback (shapeshifter) (Vaults:4)
  3 shadows
  9 spriggans
  A water elemental (D:13)
  2 humans (shapeshifter)
  16 wyverns
  3 tarantellas (shapeshifter)
  19 humans
  6 basilisks
  A basilisk (shapeshifter) (Vaults:2)
  65 yaks
  A golden eye (Abyss:3)
  3 hungry ghosts
  2 steam dragons (Lair:6)
  10 vampire mosquitoes
  Menkaure (D:6)
  6 insubstantial wisps (Swamp:1)
  4 acid dragons
  22 swamp worms
  69 nagas
  A soldier ant (D:12)
  8 wargs
  23 water moccasins
  A water moccasin (shapeshifter) (Vaults:1)
  9 porcupines
  Duvessa (D:6)
  11 swamp drakes
  An orc zombie (Vaults:1)
  56 orc warriors
  7 ice beasts
  30 centaurs
  3 sky beasts
  2 elephant zombies (Lair:4)
  2 small abominations (Abyss:3)
  13 wolves (IceCv)
  24 ogres
  5 phantoms
  8 boggarts
  14 crocodiles
  An orc skeleton (Vaults:1)
  5 big kobolds
  23 bullfrogs
  A gnoll sergeant (D:7)
  A wyvern zombie (D:15)
  2 yaktaur skeletons
  Dowan (D:6)
  A water moccasin zombie (D:6)
  A wyvern skeleton (D:11)
  16 jellies
  A water moccasin skeleton (D:9)
  6 scorpions
  5 killer bees (Lair:3)
  4 wights (D:10)
  A howler monkey (D:11)
  9 electric eels
  5 human simulacra
  3 bullfrog zombies
  8 crimson imps
  17 starcursed masses (Abyss:3)
  A quasit (Abyss:3)
  Crazy Yiuf (D:6)
  2 basilisk zombies (Lair:4)
  2 hounds
  15 orc priests
  2 bullfrog skeletons
  6 centaur skeletons
  7 iguanas
  23 orc wizards
  5 worker ants
  A killer bee zombie (D:10)
  A crocodile zombie (Lair:4)
  A bullfrog simulacrum (D:7)
  A hound skeleton (D:7)
  5 gnolls (D:7)
  17 adders
  2 shadow imps
  6 white imps
  A howler monkey simulacrum (D:7)
  2 oozes
  An adder skeleton (D:9)
  2 worms
  2 dart slugs
  3 leopard geckos
  91 orcs
  3 ball pythons (Snake:4)
  6 bats
  7 giant cockroaches
  4 goblins
  9 hobgoblins
  14 jackals
  27 kobolds
  2 quokkas
  4 frilled lizards
  A quokka skeleton (D:4)
  A quokka zombie (D:9)
  7 rats
  A briar patch (Swamp:2)
1601 creatures vanquished.

Vanquished Creatures (others)
  A wretched star (Abyss:3)
  A deep elf mage (Vaults:4)
  A naga mage (Snake:4)
  A polar bear (IceCv)
  4 humans (Snake:1)
  A yak (IceCv)
  2 wolves (IceCv)
  2 ogres
  A troll skeleton (Abyss:3)
  3 orcs
  24 fungi
  12 plants
53 creatures vanquished.

Grand Total: 1654 creatures vanquished

Notes
Turn   | Place    | Note
-------+----------+-------------------------------------------
     0 | D:1      | Laan the Gargoyle Fighter began the quest for the Orb.
     0 | D:1      | Reached XP level 1. HP: 14/14 MP: 1/1
   344 | D:1      | Reached XP level 2. HP: 19/19 MP: 2/2
   935 | D:2      | Found a shattered altar of Ashenzari.
  1004 | D:2      | Reached XP level 3. HP: 18/23 MP: 3/3
  1064 | D:2      | Found a hide-covered altar of Uskayaw.
  1245 | D:2      | Found a glowing golden altar of the Shining One.
  1248 | D:2      | Became a worshipper of the Shining One
  1620 | D:3      | Found a faded altar of an unknown god.
  1630 | D:3      | Reached XP level 4. HP: 29/29 MP: 4/4
  2000 | D:4      | Reached XP level 5. HP: 30/33 MP: 5/5
  2326 | D:4      | Found a basalt altar of Yredelemnul.
  2337 | D:4      | Found a sparkling altar of Nemelex Xobeh.
  2340 | D:4      | Found a burning altar of Makhleb.
  2355 | D:4      | Found a glowing silver altar of Zin.
  2522 | D:4      | Reached * piety under the Shining One
  2552 | D:4      | Found Otsoj's Distillery.
  2691 | D:4      | Found a runed translucent gate.
  2692 | D:4      | Found a runed translucent gate.
  2693 | D:4      | Found a runed translucent gate.
  2695 | D:4      | Noticed turbotont's ghost (amateur DsAK)
  2710 | D:4      | Killed turbotont's ghost
  2710 | D:4      | Reached XP level 6. HP: 19/39 MP: 6/6
  2859 | D:5      | Entered Level 5 of the Dungeon
  2859 | D:5      | Found a glowing silver altar of Zin.
  2897 | D:5      | Reached XP level 7. HP: 44/44 MP: 7/7
  2955 | D:5      | Reached skill level 5 in Maces & Flails
  3094 | D:5      | Reached skill level 5 in Fighting
  3094 | D:5      | Reached skill level 5 in Armour
  3094 | D:5      | Reached skill level 5 in Shields
  3511 | D:6      | Reached XP level 8. HP: 49/49 MP: 8/8
  3843 | D:6      | Found a staircase to the Ecumenical Temple.
  3863 | D:6      | Noticed Duvessa
  3863 | D:6      | Noticed Dowan
  3868 | D:6      | Killed Duvessa
  3870 | D:6      | Killed Dowan
  3905 | D:6      | Noticed Menkaure
  3913 | D:6      | Killed Menkaure
  4391 | D:6      | Noticed Sigmund
  4393 | D:6      | Noticed Sigmund
  4393 | D:6      | Sigmund changed into Sigmund the porcupine
  4400 | D:6      | Killed Sigmund the porcupine
  4462 | D:6      | Found a runed translucent door.
  4463 | D:6      | Noticed Crazy Yiuf
  4469 | D:6      | Killed Crazy Yiuf
  4666 | D:6      | Reached XP level 9. HP: 56/56 MP: 9/9
  4799 | D:7      | Reached ** piety under the Shining One
  4967 | D:7      | Found a white marble altar of Elyvilon.
  5056 | D:7      | Noticed rumpelstilzz's ghost (novice CeFi)
  5122 | D:7      | Found a runed translucent gate.
  5122 | D:7      | Found a runed translucent gate.
  5122 | D:7      | Found a runed translucent gate.
  5122 | D:7      | You fall through a shaft!
  5155 | D:8      | Found an ancient bone altar of Kikubaaqudgha.
  5377 | D:8      | Found a shimmering altar of Xom.
  5885 | D:8      | Reached *** piety under the Shining One
  5911 | D:8      | Reached XP level 10. HP: 63/63 MP: 10/10
  6115 | D:7      | Noticed a two-headed ogre
  6116 | D:7      | Found a stormy altar of Qazlal.
  6131 | D:7      | Killed a two-headed ogre
  6833 | D:7      | Killed rumpelstilzz's ghost
  6833 | D:7      | Reached skill level 10 in Maces & Flails
  6867 | D:7      | Got the ring "Ninoseerphi" {Fire}
  7008 | D:9      | Reached **** piety under the Shining One
  7062 | D:9      | Found a staircase to the Lair.
  7105 | D:9      | Found a bloodstained altar of Trog.
  7441 | D:9      | Reached XP level 11. HP: 69/69 MP: 11/11
  7497 | D:9      | Found a snail-covered altar of Cheibriados.
  8023 | Lair:1   | Entered Level 1 of the Lair of Beasts
  8097 | Lair:1   | Noticed Prince Ribbit
  8138 | Lair:1   | Killed Prince Ribbit
  8445 | Lair:1   | Noticed a death yak
  8446 | Lair:1   | Noticed a death yak
  8480 | Lair:1   | Noticed a death yak
  8491 | Lair:1   | Killed a death yak
  8505 | Lair:1   | Killed a death yak
  8522 | Lair:1   | Killed a death yak
  8740 | Lair:1   | Noticed Gastronok
  8795 | Lair:1   | Killed Gastronok
  8817 | Lair:1   | Reached XP level 12. HP: 51/77 MP: 12/12
  9079 | Lair:1   | Reached skill level 10 in Fighting
  9079 | Lair:1   | Reached skill level 10 in Armour
  9079 | Lair:1   | Reached skill level 10 in Shields
  9207 | Lair:1   | Noticed Nergalle
  9219 | Lair:1   | Killed Nergalle
  9279 | Lair:1   | Noticed Urug
  9299 | Lair:1   | Killed Urug
  9764 | Lair:2   | Found a sacrificial altar of Ru.
  9801 | Lair:2   | Found a staircase to the Snake Pit.
  9827 | Lair:2   | Noticed a five-headed hydra
  9839 | Lair:2   | Killed a five-headed hydra
 10362 | Lair:2   | Identified a scroll of acquirement
 10363 | Lair:2   | Got a coiled ivory ring
 10364 | Lair:2   | Identified the ring of Fixation {+Blink rF+ EV+2 Str-4
                  | Int-3 Dex+5} (You acquired it on level 2 of the Lair of
                  | Beasts)
 10605 | Lair:3   | Found a transporter.
 10605 | Lair:3   | Found a transporter.
 10612 | Lair:3   | Noticed tensugalgo's ghost (journeyman GnAs)
 10671 | Lair:3   | Killed tensugalgo's ghost
 10802 | Lair:3   | Reached XP level 13. HP: 68/84 MP: 13/13
 11461 | Lair:4   | Found a staircase to the Swamp.
 12621 | Lair:5   | Found a staircase to the Slime Pits.
 13598 | Lair:6   | Entered Level 6 of the Lair of Beasts
 13995 | Lair:6   | Got a twitching golden ring
 14016 | Lair:6   | Reached ***** piety under the Shining One
 14451 | Lair:6   | Got a pitted ring mail
 14499 | Lair:6   | Gained mutation: Your large and strong wings let you fly
                  | indefinitely. [Gargoyle growth]
 14499 | Lair:6   | Reached XP level 14. HP: 77/92 MP: 14/14
 15036 | Lair:6   | Reached skill level 15 in Maces & Flails
 15565 | Lair:6   | Identified the ring of Lofod {Wiz *Drain +Blink rPois MR-}
                  | (You found it on level 6 of the Lair of Beasts)
 15874 | D:10     | Entered Level 10 of the Dungeon
 16143 | D:10     | Found a shadowy altar of Dithmenos.
 16402 | D:10     | Noticed Psyche
 16411 | D:10     | Killed Psyche
 16977 | D:11     | Found Edgheafilo's Assorted Antiques.
 17066 | D:11     | Identified the cursed +1 ring mail of the Serpent {rElec
                  | Str+2} (You found it on level 6 of the Lair of Beasts)
 17275 | D:11     | Found a frozen archway.
 17290 | IceCv    | Entered an ice cave
 17471 | IceCv    | Got a transparent war axe
 17636 | IceCv    | Got an ivory trident
 17887 | IceCv    | Reached ****** piety under the Shining One
 18194 | IceCv    | Noticed a frost giant
 18225 | IceCv    | Killed a frost giant
 18261 | IceCv    | Reached XP level 15. HP: 65/98 MP: 15/15
 18491 | D:11     | Got a translucent silver ring
 18492 | D:11     | Identified the ring "Jiajias" {rElec rPois Int+3 SInv} (You
                  | found it on level 11 of the Dungeon)
 18868 | D:12     | Found Dirph's Magic Scroll Shoppe.
 19583 | D:12     | Found a staircase to the Orcish Mines.
 19968 | D:13     | Found a runed translucent door.
 20057 | D:13     | Found Baintael's Weapon Boutique.
 20248 | D:13     | Found a runed translucent door.
 20266 | D:13     | Found a runed translucent door.
 20277 | D:13     | Found a runed translucent door.
 21335 | D:14     | Found a gate to the Vaults.
 21539 | D:15     | Entered Level 15 of the Dungeon
 21643 | D:15     | Found a gate leading to a gauntlet.
 21677 | D:15     | Found a blossoming altar of Fedhas.
 22522 | D:15     | Found a staircase to the Depths.
 23087 | Orc:1    | Entered Level 1 of the Orcish Mines
 23087 | Orc:1    | Found a roughly hewn altar of Beogh.
 23410 | D:12     | Reached XP level 16. HP: 107/107 MP: 16/16
 23616 | Orc:2    | Entered Level 2 of the Orcish Mines
 25017 | Orc:2    | Found Uklilan's Antique Weapon Boutique.
 25025 | Orc:2    | Bought a brightly glowing flail for 246 gold pieces
 25042 | Orc:2    | Found Nelytumm's Antique Armour Shop.
 25051 | Orc:2    | Bought a jewelled chain mail for 275 gold pieces
 25225 | Orc:2    | Identified the cursed +2 flail of the Scroll {crush, rPois
                  | rF+ Int+8 Stlth-} (You bought it in a shop on level 2 of
                  | the Orcish Mines)
 25227 | Orc:2    | Identified the +1 chain mail "Bas Uzxiff" {rC++ Regen+
                  | Int-2 Slay+5} (You bought it in a shop on level 2 of the
                  | Orcish Mines)
 25274 | Orc:2    | Found a staircase to the Elven Halls.
 25283 | Orc:2    | Reached skill level 15 in Armour
 25285 | Orc:2    | Found Paisk's Book Shoppe.
 25326 | Orc:2    | Found Asat's General Store.
 25475 | Orc:2    | Reached skill level 15 in Shields
 25863 | Swamp:1  | Entered Level 1 of the Swamp
 25926 | Swamp:1  | Reached skill level 15 in Fighting
 26004 | Swamp:1  | Noticed a thorn hunter
 26016 | Swamp:1  | Killed a thorn hunter
 26893 | Swamp:2  | Noticed a thorn hunter
 26915 | Swamp:2  | Killed a thorn hunter
 27284 | Swamp:3  | Reached XP level 17. HP: 100/114 MP: 5/17
 27861 | Swamp:4  | Entered Level 4 of the Swamp
 28598 | Swamp:4  | Noticed the 27-headed Lernaean hydra
 28640 | Swamp:4  | Killed the 27-headed Lernaean hydra
 29104 | Swamp:4  | Got a decaying rune of Zot
 29557 | Snake:1  | Entered Level 1 of the Snake Pit
 29588 | Snake:1  | Noticed Kirke
 29603 | Snake:1  | Killed Kirke
 29938 | Snake:1  | Reached XP level 18. HP: 122/122 MP: 6/18
 31022 | Snake:3  | Noticed Vashnia
 31057 | Snake:3  | Killed Vashnia
 31690 | Snake:3  | Noticed Aizul
 31713 | Snake:3  | Killed Aizul
 32455 | Snake:4  | Entered Level 4 of the Snake Pit
 32764 | Snake:4  | Reached XP level 19. HP: 130/130 MP: 6/19
 33776 | Snake:4  | Got a serpentine rune of Zot
 34220 | Vaults:1 | Entered Level 1 of the Vaults
 34502 | Vaults:1 | Paralysed by an ogre mage for 7 turns
 35258 | Vaults:1 | Reached XP level 20. HP: 124/139 MP: 6/20
 35319 | Vaults:1 | Found a runed translucent gate.
 35320 | Vaults:1 | Found a runed translucent gate.
 35321 | Vaults:1 | Found a runed translucent gate.
 35321 | Vaults:1 | Found an opulent altar of Gozag.
 35322 | Vaults:1 | Found Vuavom's Assorted Antiques.
 35322 | Vaults:1 | Noticed wjh11's ghost (veteran MiBe)
 36686 | Vaults:2 | Noticed Sojobo
 36710 | Vaults:2 | Killed Sojobo
 37354 | Vaults:2 | Found a staircase to the Crypt.
 38415 | Vaults:3 | Reached XP level 21. HP: 134/146 MP: 7/21
 38692 | Vaults:3 | Noticed Mennas
 38793 | Vaults:3 | Killed Mennas
 38950 | Vaults:3 | Noticed Mara
 38961 | Vaults:3 | Noticed Laan's illusion
 39001 | Vaults:3 | Killed Mara
 39145 | Vaults:3 | Reached skill level 1 in Invocations
 39713 | Vaults:3 | Identified the Grimoire of Enhancements and the Escort
 40320 | Vaults:4 | Reached skill level 5 in Invocations
 40816 | Vaults:4 | Cast into level 3 of the Abyss (a deep elf demonologist)
 40873 | Abyss:3  | Paralysed by accursed screaming for 1 turns
 40911 | Abyss:3  | Reached XP level 22. HP: 43/122 MP: 8/26
 41034 | Abyss:3  | Paralysed by a great orb of eyes for 6 turns
 41068 | Abyss:3  | Paralysed by accursed screaming for 2 turns
 41078 | Abyss:3  | Paralysed by accursed screaming for 1 turns
 41143 | Abyss:3  | Paralysed by accursed screaming for 2 turns
 41164 | Abyss:3  | HP: 3/153 [starcursed mass/accursed screaming (8)]
 41166 | Abyss:3  | HP: 1/229 [bone dragon (12)]
 41166 | Abyss:3  | Slain by a bone dragon

Skill      XL: |  1  2  3  4  5  6  7  8  9 10 11 12 13 14 15 16 17 18 19 20 21 22 |
---------------+-------------------------------------------------------------------+-----
Maces & Flails | 3 4 5 7 9 10 11 13 14 15 16 | 16.0
Fighting       | 4 5 6 7 8 9 10 12 13 14 15 16 18 19 20 | 20.9
Shields        | 4 5 6 7 8 9 10 12 13 14 15 16 18 19 20 21 | 21.0
Armour         | 4 5 6 7 8 9 11 12 13 14 15 17 18 19 20 21 | 21.0
Invocations    | 6 7 |  7.0

Action                   |  1- 3 |  4- 6 |  7- 9 | 10-12 | 13-15 | 16-18 | 19-21 | 22-24 || total
-------------------------+-------+-------+-------+-------+-------+-------+-------+-------++-------
Melee: Flail             |   144 |   136 |   368 |   752 |   381 |   312 |       |       ||  2093
       Whip              |       |       |       |       |  2042 |       |       |       ||  2042
       Morningstar       |       |       |       |       |       |  1608 |  2209 |    93 ||  3910
       Unarmed           |       |       |       |       |       |     5 |       |       ||     5
Throw: Javelin           |       |       |     5 |     9 |       |     2 |       |       ||    16
Invok: Divine Shield     |       |       |       |     1 |     1 |       |     1 |       ||     3
 Abil: Fly               |       |       |       |       |     1 |       |       |       ||     1
Evoke: Wand              |       |       |     2 |     2 |     3 |       |     6 |       ||    13
  Use: Potion            |       |     1 |     1 |     3 |       |    14 |    11 |     2 ||    32
       Scroll            |       |       |     3 |    18 |     8 |    16 |     3 |       ||    48
  Eat: Chunk             |     3 |     4 |    16 |    15 |    33 |    24 |    14 |       ||   109
       Ration            |       |       |       |     1 |     3 |     3 |     4 |     2 ||    13
Armor: Scale mail        |    11 |       |       |       |       |       |       |       ||    11
       Plate armour      |   107 |   104 |    53 |       |       |       |       |       ||   264
       Chain mail        |       |       |   152 |   406 |   749 |   970 |  1067 |    70 ||  3414
       Skin              |       |       |       |       |       |       |       |     2 ||     2
Dodge: Dodged            |    27 |    16 |    84 |   188 |   380 |   444 |   603 |    30 ||  1772
Block: Shield            |    79 |    84 |   181 |   460 |   466 |       |       |       ||  1270
       Large shield      |       |       |       |       |   944 |  2184 |  2828 |   106 ||  6062
